 Dungeon Crawl Stone Soup version 0.14-a0-1721-g84c87b2 (webtiles) character file.

128 Jenx the Sneak (level 4, 21/21 HPs)
             Began as a Spriggan Wizard on Jan 2, 2014.
             Quit the game on Level 2 of the Dungeon.
             The game lasted 00:10:21 (2670 turns).

Jenx the Sneak (Spriggan Wizard)                    Turns: 2670, Time: 00:10:22

HP  21/21        AC  2     Str  4      XL: 4   Next: 44%
MP  15/15        EV 18     Int 19      God:
Gold 30          SH  0     Dex 14      Spells:  5 memorised,  1 level left

rFire  . . .     SeeInvis +     a - +1,+0 dwarf short sword
rCold  . . .     Clarity  .     k - +0 robe
rNeg   . . .     Conserve .     (shield restricted)
rPois  .         rCorr    .     b - +0 wizard hat
rElec  .         rRot     .     (no cloak)
SustAb . .       Spirit   .     (gloves unavailable)
rMut   .         Warding  .     (boots unavailable)
Saprov . . .     Stasis   .     (no amulet)
                                (no ring)
                                j - ring of invisibility

@: very quick, slightly resistant to hostile enchantments, quite stealthy
A: unfitting armour, see invisible, herbivore 3, speed 3, slow metabolism 2
a: Evoke Invisibility


You were on level 2 of the Dungeon.
You were not hungry.

You visited 1 branch of the dungeon, and saw 2 of its levels.

You collected 30 gold pieces.

Inventory:

Hand weapons
 a - a +1,+0 dwarven short sword (weapon)
Missiles
 g - 5 tomahawks of returning (quivered)
 q - 2 exploding darts
Armour
 b - a +0 wizard hat (worn)
 k - a +0 robe (worn)
Magical devices
 t - a wand of flame (5)
Comestibles
 f - an apple
 p - 2 bread rations
 u - a choko
Scrolls
 e - a scroll of amnesia
 i - a scroll of remove curse {unknown}
 m - a scroll of curse jewellery {unknown}
Jewellery
 j - a ring of invisibility (left hand)
 s - a +3 ring of intelligence {unknown}
Potions
 d - 3 potions of porridge
 h - a potion of confusion {unknown}
 l - 2 potions of curing {unknown}
 v - a potion of restore abilities {unknown}
 w - a potion of speed {unknown}
Books
 c - a book of Minor Magic

   Spells                             Type                      Level
   *Magic Dart                        Conjuration                  1
   *Blink                             Translocation                2
   *Call Imp                          Summoning                    2
   *Repel Missiles                    Charms/Air                   2
   Slow                               Hexes                        2
   Conjure Flame                      Conjuration/Fire             3
   *Mephitic Cloud                    Conjuration/Poison/Air       3


   Skills:
 - Level 1.0 Short Blades
 - Level 3.0 Dodging
 - Level 5.0 Stealth
 - Level 4.0 Spellcasting
 + Level 2.3 Conjurations
 - Level 0.7 Summonings
 - Level 1.5 Translocations


You had one spell level left.
You knew the following spells:

 Your Spells              Type           Power        Failure   Level  Hunger
a - Magic Dart            Conj           ##..         8%          1    None
b - Blink                 Tloc           N/A          12%         2    #......
c - Mephitic Cloud        Conj/Pois/Air  #.......     34%         3    ###....
d - Call Imp              Summ           #.........   17%         2    #......
e - Repel Missiles        Chrm/Air       #.........   21%         2    #......


Dungeon Overview and Level Annotations

Branches:
Dungeon (2/16)

Altars:


Innate Abilities, Weirdness & Mutations

You are tiny and cannot use many weapons and most armour.
You have supernaturally acute eyesight.
You are a herbivore.
You cover ground extremely quickly.
You need consume almost no food.


Message History

You barely miss the hobgoblin.
The hobgoblin is heavily wounded.
The hobgoblin misses you. The hobgoblin closely misses you.
You hit the hobgoblin.
The hobgoblin is severely wounded.
The hobgoblin closely misses you.
You hit the hobgoblin.
You kill the hobgoblin!
f - an apple You now have 30 gold pieces (gained 9).
HP restored.
You see here an orcish ring mail.
Found 20 stones and a dagger.
Found a stone staircase leading up.
h - an inky potion You see here a dagger.
m - a scroll labeled EREAT ICAOTU You see here 20 stones.
Done exploring.
Done exploring.
Are you sure you want to abandon this character and quit the game? (Confirm with "yes".)

#.#########.#.######..b.. #.#
#....#.# #..... #######.#
#.##.#.# ###### #.......##
#.##.#.# #........# #.##.#.#
#........# #.##.#.###########
#...#.#..#####.##......S.......
#....<).(.........#.###########
#...#.#..#.###@##.#............
#........#.# #.##.#############
##.........# #.##.# ###########
#....# ######


There were no monsters in sight!

Vanquished Creatures
  Ijyb (D:2)
  A gnoll (D:1)
  2 adders (D:2)
  7 giant cockroaches
  5 goblins
  7 hobgoblins
  A quokka (D:2)
  A ball python (D:2)
  10 bats
  2 giant geckos (D:1)
  3 giant newts
  4 jackals (D:2)
  6 kobolds
  A rat (D:2)
51 creatures vanquished.

Vanquished Creatures (collateral kills)
  An adder (D:1)
1 creature vanquished.

Grand Total: 52 creatures vanquished

Notes
Turn   | Place    | Note
--------------------------------------------------------------
     0 | D:1      | Jenx, the Spriggan Wizard, began the quest for the Orb.
     0 | D:1      | Reached XP level 1. HP: 9/9 MP: 6/6
   552 | D:1      | Reached XP level 2. HP: 13/13 MP: 4/9
   658 | D:1      | Reached skill level 5 in Stealth
   787 | D:1      | Learned a level 2 spell: Blink
   790 | D:1      | Learned a level 2 spell: Repel Missiles
   793 | D:1      | Learned a level 2 spell: Call Imp
  1023 | D:1      | Reached skill level 1 in Short Blades
  1023 | D:1      | Reached XP level 3. HP: 12/16 MP: 9/12
  1040 | D:1      | Learned a level 3 spell: Mephitic Cloud
  1277 | D:1      | Reached skill level 1 in Conjurations
  1976 | D:2      | Reached XP level 4. HP: 9/21 MP: 11/15
  2119 | D:2      | Noticed Ijyb
  2140 | D:2      | Killed Ijyb
  2670 | D:2      | Quit the game

Action                   |  1- 3 |  4- 6 || total
-------------------------+-------+-------++-------
Melee: Short sword       |    76 |    21 ||    97
Throw: Dart              |     3 |       ||     3
 Cast: Magic Dart        |    87 |    16 ||   103
       Mephitic Cloud    |     3 |     1 ||     4
       Repel Missiles    |     2 |       ||     2
       Call Imp          |     1 |       ||     1
  Use: Scroll            |       |     8 ||     8
 Stab: Sleeping          |     2 |     1 ||     3
       Confused          |     1 |     1 ||     2
